AoeStats
← ^4Yeeegz

Arabia

506343016Analyzed
1v1 RM · 18d ago on Sep 13, 2026· 56m 49s· 2 players
Game mode
Random Map
Map size
Tiny (2 player)
Population
200
Speed
Normal
Resources
Standard
Victory
Conquest
Starting age
Dark Age
Ending age
Imperial Age
RankedLock teamsTeams togetherTeam positionsShared explorationLock speedFull tech treeHidden civsTurbo modeCheats
Victory
Defeat
🇺🇸 Maya · United States
1254
+21
🇨🇦 Italians · Canada
1376
-21
Rayman
6:27 Loom
9:13 Feudal Age
9:44 Double-Bit Axe
19:57 Castle Age
18:23 Fletching
18:15 Horse Collar
18:41 Gold Mining
19:08 Padded Archer Armor
20:04 Bloodlines
20:36 Bodkin Arrow
20:04 Elite Skirmisher
21:33 Bow Saw
21:38 Elite Skirmisher
24:48 Stone Mining
24:49 Town Watch
25:44 Wheelbarrow
26:20 Leather Archer Armor
27:17 Heavy Plow
28:37 Ballistics
30:49 Hand Cart
35:38 Imperial Age
34:08 Husbandry
35:13 Thumb Ring
35:21 Masonry
35:40 Scale Barding Armor
37:40 Chemistry
36:41 Bracer
37:59 Ring Archer Armor
38:11 Light Cavalry
39:13 Chain Barding Armor
39:23 Forging
40:46 Conscription
43:22 Iron Casting
43:27 Hussar
45:22 Blast Furnace
47:00 Plate Barding Armor
47:32 Murder Holes
50:57 Scale Mail Armor
51:11 Pirotechnia
56:58 Crop Rotation
^4Yeeegz
0:45 Loom
9:38 Feudal Age
10:08 Double-Bit Axe
20:33 Castle Age
18:52 Gold Mining
19:06 Fletching
21:15 Bodkin Arrow
20:40 Crossbowman
22:08 Bow Saw
25:20 Wheelbarrow
25:55 Town Watch
27:46 Ballistics
28:29 Hand Cart
28:49 Stone Mining
30:08 Horse Collar
35:03 Imperial Age
33:38 Thumb Ring
33:46 Murder Holes
33:56 Padded Archer Armor
33:57 Heavy Plow
35:00 Leather Archer Armor
34:47 Elite Skirmisher
35:39 Town Patrol
35:50 Bracer
36:51 Chemistry
36:09 Guilds
36:13 Arbalester
37:44 Conscription
37:52 Eagle Warrior
38:35 Squires
38:36 Scale Mail Armor
41:02 Chain Mail Armor
42:59 Elite Eagle Warrior
43:54 Forging
44:34 Fortified Wall
44:38 Masonry
45:26 Plate Mail Armor
46:51 Iron Casting
47:15 Conscription
47:44 Arson
49:01 Blast Furnace
48:46 Holcans
53:37 Ring Archer Armor
54:37 Guard Tower
55:18 Architecture
Connection lost

Rejoining the realm…

Still unreachable

The connection could not be restored.

Session expired

The server has moved on; the page needs a fresh start.